| TOP OF THE 1ST |
|
Minnesota Twins batting - Pitching for Baltimore Orioles : RHP Kyle Monroe
|
|
Pitching: RHP Kyle Monroe
|
|
|
Batting: RHB Lee Lacy
|
0-0: Fly out, F8 (Flyball, 8LM, EV 95.0 MPH)
|
|
Batting: RHB Steve Brye
|
0-0: Foul Ball, location: 2F 0-1: Foul Ball, location: 2F 0-2: Ball 1-2: SINGLE (Line Drive, 6D, EV 98.1 MPH)
|
|
Batting: RHB Larry Hisle
|
0-0: Ball Balk! Steve Brye to second 1-0: Called Strike 1-1: Ground out 6-3 (Groundball, 6MS, EV 60.6 MPH) Steve Brye to third
|
|
Batting: RHB Randy Edwards
|
0-0: Ball 1-0: DOUBLE (Flyball, 8RXD, EV 100.0 MPH) Steve Brye scores
|
|
Batting: RHB George Foster
|
0-0: Called Strike 0-1: Foul Ball, location: 2F 0-2: Fly out, F7 (Flyball, 78S, EV 78.1 MPH)
|
| Top of the 1st over - 1 run, 2 hits, 0 errors, 1 left on base; Minnesota 1 - Baltimore 0 |
| BOTTOM OF THE 1ST |
|
Baltimore Orioles batting - Pitching for Minnesota Twins : RHP Marcos Ortega
|
|
Pitching: RHP Marcos Ortega
|
|
|
Batting: SHB Willie McGee
|
0-0: Ball 1-0: Ball 2-0: Ball 3-0: Base on Balls
|
|
Batting: SHB Johnny Ray
|
0-0: Ball Willie McGee steals 2nd, throwing error, E2 Willie McGee to third 1-0: Called Strike 1-1: Fly out, F9 (Flyball, 9D, EV 96.3 MPH) Runner from 3rd tags up, SCORES, no throw by RF
|
|
Batting: LHB Dave Parker
|
0-0: SOLO HOME RUN (Flyball, 9D, EV 110.6 MPH), Distance : 380 ft
|
|
Batting: RHB Dwight Evans
|
0-0: Foul Ball, location: 2F 0-1: Ball 1-1: Swinging Strike 1-2: Strikes out swinging
|
|
Batting: LHB Fred Lynn
|
0-0: Called Strike 0-1: Called Strike 0-2: Foul Ball, location: 2F 0-2: Fly out, F8 (Flyball, 78D, EV 100.0 MPH)
|
| Bottom of the 1st over - 2 runs, 1 hit, 1 error, 0 left on base; Minnesota 1 - Baltimore 2 |
| TOP OF THE 2ND |
|
Minnesota Twins batting - Pitching for Baltimore Orioles : RHP Kyle Monroe
|
|
Batting: RHB Matt Cooper
|
0-0: Ball 1-0: Ball 2-0: Called Strike 2-1: Called Strike 2-2: Foul Ball, location: 2F 2-2: Fly out, F1 (Line Drive, P, EV 73.8 MPH)
|
|
Batting: RHB Chet Lemon
|
0-0: Ball 1-0: Ball 2-0: Ground out 6-3 (Groundball, 6, EV 86.3 MPH)
|
|
Batting: RHB Aurelio Rodriguez
|
0-0: Ground out 4-3 (Groundball, 4, EV 83.1 MPH)
|
| Top of the 2nd over - 0 runs, 0 hits, 0 errors, 0 left on base; Minnesota 1 - Baltimore 2 |
| BOTTOM OF THE 2ND |
|
Baltimore Orioles batting - Pitching for Minnesota Twins : RHP Marcos Ortega
|
|
Batting: SHB Steve R Ontiveros
|
0-0: Ball 1-0: Reached on error, E5 (Groundball, 5, EV 88.1 MPH)
|
|
Batting: RHB Matt Rice
|
0-0: Called Strike 0-1: Called Strike 0-2: Grounds into double play, 5-4-3 (Groundball, 56, EV 99.4 MPH)
|
|
Batting: RHB Dennis Werth
|
0-0: Ball 1-0: Called Strike 1-1: Ball 2-1: Ball 3-1: Called Strike 3-2: Strikes out swinging
|
| Bottom of the 2nd over - 0 runs, 0 hits, 1 error, 0 left on base; Minnesota 1 - Baltimore 2 |
| TOP OF THE 3RD |
|
Minnesota Twins batting - Pitching for Baltimore Orioles : RHP Kyle Monroe
|
|
Batting: LHB Ken Oberkfell
|
0-0: Called Strike 0-1: Swinging Strike 0-2: DOUBLE (Flyball, 89D, EV 96.9 MPH)
|
|
Batting: RHB Lee Lacy
|
0-0: Fly out, F5 (Line Drive, 5, EV 73.1 MPH)
|
|
Batting: RHB Steve Brye
|
0-0: Fly out, F7 (Flyball, 7LM, EV 88.8 MPH) Runner from 2nd tags up, OUT at 3rd! 7-5
|
| Top of the 3rd over - 0 runs, 1 hit, 0 errors, 0 left on base; Minnesota 1 - Baltimore 2 |
| BOTTOM OF THE 3RD |
|
Baltimore Orioles batting - Pitching for Minnesota Twins : RHP Marcos Ortega
|
|
Batting: RHB Garth Iorg
|
0-0: Called Strike 0-1: Swinging Strike 0-2: Ball 1-2: Strikes out swinging
|
|
Batting: SHB Willie McGee
|
0-0: Foul Ball, location: 2F 0-1: Ball 1-1: TRIPLE (Line Drive, 89XD, EV 109.4 MPH)
|
|
Batting: SHB Johnny Ray
|
0-0: Called Strike 0-1: Fly out, F8 (Flyball, 8LM, EV 80.6 MPH) Runner from 3rd tags up, SCORES, no throw by CF
|
|
Batting: LHB Dave Parker
|
0-0: Called Strike 0-1: Foul Ball, location: 2F 0-2: Ball 1-2: Strikes out swinging
|
| Bottom of the 3rd over - 1 run, 1 hit, 0 errors, 0 left on base; Minnesota 1 - Baltimore 3 |
| TOP OF THE 4TH |
|
Minnesota Twins batting - Pitching for Baltimore Orioles : RHP Kyle Monroe
|
|
Batting: RHB Larry Hisle
|
0-0: Ball 1-0: Ground out 4-3 (Groundball, 4M, EV 83.1 MPH)
|
|
Batting: RHB Randy Edwards
|
0-0: Ball 1-0: Ball 2-0: Ball 3-0: Base on Balls
|
|
Batting: RHB George Foster
|
0-0: 2-RUN HOME RUN (Flyball, 7LD, EV 103.8 MPH), Distance : 349 ft
|
|
Batting: RHB Matt Cooper
|
0-0: Fly out, F4 (Line Drive, 4, EV 66.9 MPH)
|
|
Batting: RHB Chet Lemon
|
0-0: Foul Ball, location: 2F 0-1: Called Strike 0-2: Strikes out swinging
|
| Top of the 4th over - 2 runs, 1 hit, 0 errors, 0 left on base; Minnesota 3 - Baltimore 3 |
| BOTTOM OF THE 4TH |
|
Baltimore Orioles batting - Pitching for Minnesota Twins : RHP Marcos Ortega
|
|
Batting: RHB Dwight Evans
|
0-0: Ball 1-0: Foul Ball, location: 2F 1-1: Ground out 6-3 (Groundball, 6MS, EV 65.6 MPH)
|
|
Batting: LHB Fred Lynn
|
0-0: Ball 1-0: Ground out 6-3 (Groundball, 6S, EV 84.4 MPH)
|
|
Batting: SHB Steve R Ontiveros
|
0-0: Ball 1-0: Ball 2-0: Called Strike 2-1: Foul Ball, location: 2F 2-2: Strikes out swinging
|
| Bottom of the 4th over - 0 runs, 0 hits, 0 errors, 0 left on base; Minnesota 3 - Baltimore 3 |
| TOP OF THE 5TH |
|
Minnesota Twins batting - Pitching for Baltimore Orioles : RHP Kyle Monroe
|
|
Batting: RHB Aurelio Rodriguez
|
0-0: Ball 1-0: Ball 2-0: Foul Ball, location: 2F 2-1: Foul Ball, location: 2F 2-2: Ball 3-2: Ground out 3-1 (Groundball, 34S, EV 83.8 MPH)
|
|
Batting: LHB Ken Oberkfell
|
0-0: Called Strike 0-1: Called Strike 0-2: Ball 1-2: Strikes out looking
|
|
Batting: RHB Lee Lacy
|
0-0: Called Strike 0-1: Fly out, F7 (Flyball, 7LM, EV 83.1 MPH)
|
| Top of the 5th over - 0 runs, 0 hits, 0 errors, 0 left on base; Minnesota 3 - Baltimore 3 |
| BOTTOM OF THE 5TH |
|
Baltimore Orioles batting - Pitching for Minnesota Twins : RHP Marcos Ortega
|
|
Batting: RHB Matt Rice
|
0-0: Fly out, F7 (Line Drive, 7, EV 84.4 MPH)
|
|
Batting: RHB Dennis Werth
|
0-0: Ground out 5-3 (Groundball, 56S, EV 78.8 MPH)
|
|
Batting: RHB Garth Iorg
|
0-0: Ball 1-0: Ball 2-0: Ball 3-0: Called Strike 3-1: Called Strike 3-2: SINGLE (Line Drive, 89M, EV 93.1 MPH)
|
|
Batting: SHB Willie McGee
|
0-0: Ground out 5-3 (Groundball, 56S, EV 83.8 MPH)
|
| Bottom of the 5th over - 0 runs, 1 hit, 0 errors, 1 left on base; Minnesota 3 - Baltimore 3 |
| TOP OF THE 6TH |
|
Minnesota Twins batting - Pitching for Baltimore Orioles : RHP Kyle Monroe
|
|
Batting: RHB Steve Brye
|
0-0: Foul Ball, location: 2F 0-1: SINGLE (Groundball, 5D, EV 108.1 MPH)
|
|
Batting: RHB Larry Hisle
|
0-0: Ball 1-0: Swinging Strike 1-1: Fly out, F3 (Popup, 3F, EV 69.4 MPH)
|
|
Batting: RHB Randy Edwards
|
0-0: Ball 1-0: Foul Ball, location: 2F 1-1: Swinging Strike 1-2: Ball 2-2: Ball 3-2: Grounds into double play, 4-6-3 (Groundball, 4, EV 86.9 MPH)
|
| Top of the 6th over - 0 runs, 1 hit, 0 errors, 0 left on base; Minnesota 3 - Baltimore 3 |
| BOTTOM OF THE 6TH |
|
Baltimore Orioles batting - Pitching for Minnesota Twins : RHP Marcos Ortega
|
|
Batting: SHB Johnny Ray
|
0-0: Ball 1-0: Ball 2-0: Called Strike 2-1: Fly out, F7 (Flyball, 7, EV 90.0 MPH)
|
|
Batting: LHB Dave Parker
|
0-0: Ball 1-0: Called Strike 1-1: Ball 2-1: Ball 3-1: Base on Balls
|
|
Batting: RHB Dwight Evans
|
0-0: SINGLE (Flyball, 8LS, EV 89.4 MPH) Dave Parker to second Runner from 2nd tries for 3rd, SAFE, no throw by CF
|
|
Batting: LHB Fred Lynn
|
0-0: Swinging Strike 0-1: Ball 1-1: SINGLE (Line Drive, 89M, EV 90.6 MPH) Dave Parker scores Dwight Evans to second Runner from 2nd tries for 3rd, SAFE, no throw by RF
|
|
Batting: SHB Steve R Ontiveros
|
0-0: Ball 1-0: Ball 2-0: Called Strike 2-1: Called Strike 2-2: Foul Ball, location: 2F 2-2: Strikes out swinging
|
|
Batting: RHB Matt Rice
|
0-0: Ball 1-0: Foul Ball, location: 2F 1-1: Swinging Strike 1-2: Ground out 6-3 (Groundball, 6S, EV 75.0 MPH)
|
| Bottom of the 6th over - 1 run, 2 hits, 0 errors, 2 left on base; Minnesota 3 - Baltimore 4 |
| TOP OF THE 7TH |
|
Minnesota Twins batting - Pitching for Baltimore Orioles : RHP Kyle Monroe
|
|
Now in CF: Mark Brouhard
|
|
|
Batting: RHB George Foster
|
0-0: Foul Ball, location: 2F 0-1: Ball 1-1: Ball 2-1: Ball 3-1: Ground out 4-3 (Groundball, 4, EV 101.3 MPH)
|
|
Batting: RHB Matt Cooper
|
0-0: SINGLE (Line Drive, 6D, EV 98.8 MPH)
|
|
Batting: RHB Chet Lemon
|
0-0: Ball Pickoff Throw to First - Out! 1-3 1-0: SINGLE (Line Drive, 9S, EV 98.1 MPH)
|
|
Pinch Hitting: LHB Lloyd Moseby
|
0-0: Ball 1-0: Ball Wild Pitch! Chet Lemon to second 2-0: Called Strike 2-1: Called Strike 2-2: Ball 3-2: Fly out, F8 (Line Drive, 8LD, EV 91.9 MPH)
|
| Top of the 7th over - 0 runs, 2 hits, 0 errors, 1 left on base; Minnesota 3 - Baltimore 4 |
| BOTTOM OF THE 7TH |
|
Baltimore Orioles batting - Pitching for Minnesota Twins : RHP Marcos Ortega
|
|
Now at 2B: Taylor Duncan
|
|
|
Batting: RHB Dennis Werth
|
0-0: Swinging Strike 0-1: Ball 1-1: Ball 2-1: Swinging Strike 2-2: Ball 3-2: Strikes out swinging
|
|
Batting: RHB Garth Iorg
|
0-0: Ball 1-0: Ball 2-0: Called Strike 2-1: Foul Ball, location: 2F 2-2: Foul Ball, location: 2F 2-2: Ground out 3-1 (Groundball, 34S, EV 63.8 MPH)
|
|
Batting: SHB Willie McGee
|
0-0: Called Strike 0-1: Swinging Strike 0-2: Strikes out swinging
|
| Bottom of the 7th over - 0 runs, 0 hits, 0 errors, 0 left on base; Minnesota 3 - Baltimore 4 |
| TOP OF THE 8TH |
|
Minnesota Twins batting - Pitching for Baltimore Orioles : RHP Kyle Monroe
|
|
Batting: LHB Ken Oberkfell
|
0-0: Ball 1-0: Ball 2-0: Ball 3-0: Base on Balls
|
|
Pitching: LHP Dave LaRoche
|
|
|
Batting: RHB Lee Lacy
|
0-0: Ball 1-0: Ball 2-0: Ball 3-0: Called Strike 3-1: Foul Ball, location: 2F 3-2: Fly out, F9 (Flyball, 89D, EV 96.3 MPH)
|
|
Batting: RHB Steve Brye
|
0-0: Called Strike 0-1: Swinging Strike 0-2: Foul Ball, location: 2F 0-2: Ball 1-2: Ball 2-2: Ball 3-2: Base on Balls Ken Oberkfell to second
|
|
Batting: RHB Larry Hisle
|
0-0: Ball 1-0: SINGLE (Groundball, 6D, EV 98.1 MPH) Ken Oberkfell to third Steve Brye to second Runner from 3rd tries for Home, SAFE, throw by CF to home
|
|
Pitching: RHP Dave Patterson
|
|
|
Batting: RHB Randy Edwards
|
0-0: Fielders Choice at 2nd, 3-6 (Groundball, 34S, EV 90.0 MPH) Steve Brye to third
|
|
Batting: RHB George Foster
|
0-0: Called Strike 0-1: Ball 1-1: Ball 2-1: Ball 3-1: Foul Ball, location: 2F 3-2: SINGLE (Groundball, 56S, EV 72.5 MPH) (infield hit) Steve Brye scores Randy Edwards to second
|
|
Batting: RHB Matt Cooper
|
0-0: Ball 1-0: Fly out, F8 (Line Drive, 8RD, EV 96.3 MPH)
|
| Top of the 8th over - 2 runs, 2 hits, 0 errors, 2 left on base; Minnesota 5 - Baltimore 4 |
| BOTTOM OF THE 8TH |
|
Baltimore Orioles batting - Pitching for Minnesota Twins : RHP Marcos Ortega
|
|
Now at C: Tom Brown
|
|
|
Now at 2B: Tony Bernazard
|
|
|
Batting: SHB Johnny Ray
|
0-0: Ball 1-0: Ball 2-0: Called Strike 2-1: Ground out 6-3 (Groundball, 56, EV 101.3 MPH)
|
|
Pitching: RHP Mark Fidrych
|
|
|
Batting: RHB Mark Brouhard
|
0-0: Swinging Strike 0-1: Ball 1-1: Swinging Strike 1-2: Ball 2-2: Ball 3-2: Foul Ball, location: 2F 3-2: Strikes out looking
|
|
Batting: RHB Dwight Evans
|
0-0: Ball 1-0: Foul Ball, location: 2F 1-1: Foul Ball, location: 2F 1-2: Fly out, F9 (Flyball, 9LM, EV 95.6 MPH)
|
| Bottom of the 8th over - 0 runs, 0 hits, 0 errors, 0 left on base; Minnesota 5 - Baltimore 4 |
| TOP OF THE 9TH |
|
Minnesota Twins batting - Pitching for Baltimore Orioles : RHP Dave Patterson
|
|
Batting: RHB Chet Lemon
|
0-0: Called Strike 0-1: Fly out, F7 (Flyball, 7, EV 82.5 MPH)
|
|
Batting: RHB Taylor Duncan
|
0-0: Ball 1-0: Ball 2-0: Fly out, F8 (Line Drive, 8RM, EV 93.8 MPH)
|
|
Batting: LHB Ken Oberkfell
|
0-0: Swinging Strike 0-1: Ball 1-1: Fly out, F6 (Popup, 56, EV 63.1 MPH)
|
| Top of the 9th over - 0 runs, 0 hits, 0 errors, 0 left on base; Minnesota 5 - Baltimore 4 |
| BOTTOM OF THE 9TH |
|
Baltimore Orioles batting - Pitching for Minnesota Twins : RHP Mark Fidrych
|
|
Batting: LHB Fred Lynn
|
0-0: Foul Ball, location: 2F 0-1: Ball 1-1: Ground out 5-3 (Groundball, 5, EV 85.0 MPH)
|
|
Batting: SHB Steve R Ontiveros
|
0-0: Foul Ball, location: 2F 0-1: Ball 1-1: Swinging Strike 1-2: Ball 2-2: Fly out, F3 (Line Drive, 3, EV 74.4 MPH)
|
|
Batting: RHB Matt Rice
|
0-0: Ball 1-0: Ground out 5-3 (Groundball, 5S, EV 68.1 MPH)
|
| Bottom of the 9th over - 0 runs, 0 hits, 0 errors, 0 left on base; Minnesota 5 - Baltimore 4 |
|